 Dungeon Sprint DCSS version 0.30-a0-1043-g60ff8d5f49 (webtiles) character file.

Game seed: 13860862600953021565

48 Danienth the Thaumaturge (level 6, 0/40 HPs)
             Began as a Djinni Fire Elementalist on Apr 9, 2023.
             Was a Priest of Makhleb.
             Slain by a wraith (12 damage)
             ... in the Dungeon (Sprint VI: "Thunderdome").
             The game lasted 00:10:45 (337 turns).

Danienth the Thaumaturge (Djinni Fire Elementalist)  Turns: 337, Time: 00:10:45

Health: 0/40       AC:  2    Str:  7    XL:     6   Next: 76%
Gold:   20         EV: 14    Int: 18    God:    Makhleb [***...] SH:  0 Dex: 14

rFire   + + .      SeeInvis .    (no weapon)
rCold   x . .      Faith    .    (no shield)
rNeg    . . .      Spirit   .    a - +0 robe
rPois   ∞          Reflect  .    (no helmet)
rElec   .          Rampage  .    (no cloak)
rCorr   .          NoTele   +    (no gloves)
Will    .....                    (boots unavailable)
Stlth   ++                       (no amulet)
HPRegen 0.26/turn                (no ring)
MPRegen 0.00/turn                (no ring)

@: flying, very slightly contaminated, slowed, very slow
A: sickness immunity, fire resistance 2, cold vulnerability 1, float, innate
caster, HP casting, extra vitality 1
a: Renounce Religion, Minor Destruction, Lesser Servant of Makhleb


You were in the Dungeon.
You worshipped Makhleb.
Makhleb was most pleased with you.
You visited 1 branch You collected 20 gold pieces.

Inventory:

Armour
 a - a +0 robe (worn)
Scrolls
 f - a scroll of blinking
Potions
 b - a potion of curing
 c - a potion of heal wounds
 d - a potion of haste
 e - a potion of berserk rage


   Skills:
 + Level 5.4 Dodging
 + Level 3.6 Stealth
 + Level 9.5 Spellcasting


You knew the following spells:

 Your Spells              Type           Power      Damage    Failure   Level
a - Foxfire               Conj/Fire      100%       2x1d9     1%          1
b - Scorch                Fire           84%        2d8       1%          2
c - Volatile Blastmotes   Fire/Tloc      84%        2d17      1%          3
d - Inner Flame           Hex/Fire       42%        N/A       1%          3
e - Flame Wave            Conj/Fire      42%        2d11      1%          4
f - Sandblast             Erth           84%        2d18      1%          1
g - Blink                 Tloc           84%        N/A       1%          2
Your spell library was empty.

Dungeon Overview and Level Annotations

Branches:
Dungeon (1/1)

Altars:
Cheibriados
Dithmenos
Fedhas
Gozag
Makhleb
Okawaru
Qazlal
Ru
Trog
Uskayaw
Wu Jian
Xom
Yredelemnul
Zin
The Shining One
Lugonu

Shops:
D *[??*?*:[((!!!!


Innate Abilities, Weirdness & Mutations

You are immune to sickness and miasma.
You are immune to poison.
Your flesh is very heat resistant. (rF++)
You are vulnerable to cold. (rC-)
You float through the air rather than walking.
You learn spells naturally, not from books.
Your magical power is your life essence.
You have superior vitality. (+4 MHP)


Message History

Confirm with . or Enter, or press ? or * to list all spells.
You miscast Foxfire.
You are very lightly contaminated with residual magic.
Nothing appears to happen.
The foxfire hits the wraith.
The wraith is heavily damaged.
The foxfire hits the wraith but does no damage.
The wraith is heavily damaged.
The wraith hits you!
Casting: Foxfire (safe; 1% risk of failure)
Confirm with . or Enter, or press ? or * to list all spells.
You conjure some foxfire!
The wraith hits you! The wraith drains your vigour!
You feel yourself slow down.
Casting: Foxfire (safe; 1% risk of failure)
Confirm with . or Enter, or press ? or * to list all spells.
You conjure some foxfire!
The foxfire hits the wraith but does no damage.
The wraith is heavily damaged.
The foxfire hits the wraith but does no damage.
The wraith is heavily damaged.
The wraith completely misses you.
Casting: Foxfire (safe; 1% risk of failure)
Confirm with . or Enter, or press ? or * to list all spells.
You conjure some foxfire!
The foxfire hits the wraith.
The wraith is heavily damaged.
The wraith misses you. The wraith hits you. The wraith drains your vigour!
You feel as though you will be slow longer.
Casting: Foxfire (safe; 1% risk of failure)
Confirm with . or Enter, or press ? or * to list all spells.
You blink.
* * * LOW HITPOINT WARNING * * *
The foxfire hits the wraith.
The wraith is severely damaged.
The foxfire hits the wraith.
The wraith is almost destroyed.
Casting: Blink (safe; 1% risk of failure)
Confirm with . or Enter, or press ? or * to list all spells.
You conjure some foxfire!
* * * LOW HITPOINT WARNING * * *
The wraith closely misses you. The wraith hits you!
You die...

##∩.....∩## #∩.......∩#
#_......)_# #_......._#
#_......._#
###.........###
#⌠...........⌠#
##.8.........8.######
_......###......@W_§##
.....8.# #.8...vv...§###
.......###.............##
..Z.###...###..........⌠#
....# #.<.# #..........⌠#
...Z###...###..........⌠#
...)...###.............##
.....8.# #.8........∩###
_......###......___∩##


You could see a wraith (ally target).

Vanquished Creatures
  Sigmund (D)
  A wight (D)
  2 jellies (D)
  Jessica (D)
  An adder (D)
  A worm (D)
  3 endoplasms (D)
  A giant cockroach (D)
  A spectral ball python (D)
  A spectral quokka (D)
13 creatures vanquished.

Vanquished Creatures (others)
  74 foxfires (D)
74 creatures vanquished.

Grand Total: 87 creatures vanquished

Notes
Turn   | Place    | Note
-------+----------+-------------------------------------------
     0 | D        | Danienth the Djinni Fire Elementalist began the quest for
                  | the Orb.
     0 | D        | Danienth set off with the following spells memorised:
                  | Foxfire, Scorch, Volatile Blastmotes, Inner Flame, Flame
                  | Wave.
     0 | D        | Reached XP level 1. HP: 15/15 MP: 0/0
     0 | D        | Found a shadowy altar of Dithmenos.
     0 | D        | Found a glowing golden altar of the Shining One.
     1 | D        | Found a corrupted altar of Lugonu.
     2 | D        | Found a sacrificial altar of Ru.
     2 | D        | Found a blossoming altar of Fedhas.
     3 | D        | Found a basalt altar of Yredelemnul.
     3 | D        | Found Ceojac's Identification Station.
     4 | D        | Found Urotanet's Jewellery.
     4 | D        | Found Turre's Advanced Armour.
     5 | D        | Round 1.
     7 | D        | Found a burning altar of Makhleb.
     8 | D        | Found a bloodstained altar of Trog.
     9 | D        | Found a snail-covered altar of Cheibriados.
    10 | D        | Found Dyxidude's Premium Goods.
    11 | D        | Found Bybruasa's Miscellaneous Merchandise.
    11 | D        | Found Xeghad's Basic Armour.
    18 | D        | Reached skill level 3 in Spellcasting
    18 | D        | Reached XP level 2. HP: 12/21 MP: 0/0
    19 | D        | Became a worshipper of Makhleb the Destroyer
    20 | D        | Found an ornate altar of the Wu Jian Council.
    20 | D        | Found a stormy altar of Qazlal.
    20 | D        | Found Idef's Weapon Rack.
    56 | D        | Noticed Sigmund
    65 | D        | Killed Sigmund
    66 | D        | Reached skill level 7 in Spellcasting
    66 | D        | Reached XP level 3. HP: 16/25 MP: 0/0
    66 | D        | Learned a level 1 spell: Sandblast
    66 | D        | Reached XP level 4. HP: 20/31 MP: 0/0
    66 | D        | Reached XP level 5. HP: 22/35 MP: 0/0
    66 | D        | Learned a level 2 spell: Blink
    71 | D        | Found an opulent altar of Gozag.
    71 | D        | Found Dohal's Do-It-Yourself Clinic.
    73 | D        | Found Citref's Bottled Wisdom.
    73 | D        | Found Iras's Distillery.
    80 | D        | Found Walai's Distillery.
    87 | D        | Reached * piety under Makhleb
    90 | D        | Found an iron altar of Okawaru.
    91 | D        | Found a glowing silver altar of Zin.
    94 | D        | Found a hide-covered altar of Uskayaw.
    94 | D        | Found Lain's Staff Store.
    95 | D        | Found Ciytz's Must-Have Magic.
    95 | D        | Found Roqom's Magic Scroll Shop.
    95 | D        | Noticed Jessica
    96 | D        | Found a shimmering altar of Xom.
    96 | D        | Found Guent's Magic Scroll Shop.
    98 | D        | Killed Jessica
    98 | D        | Arena points: 12 (+12) [x2]
    99 | D        | Reached skill level 8 in Spellcasting
    99 | D        | Reached XP level 6. HP: 28/40 MP: 0/0
   130 | D        | Round 2.
   152 | D        | Reached ** piety under Makhleb
   161 | D        | Reached skill level 5 in Dodging
   161 | D        | Reached skill level 9 in Spellcasting
   200 | D        | Arena points: 48 (+36) [x3]
   215 | D        | Round 3.
   248 | D        | Reached *** piety under Makhleb
   323 | D        | Noticed a wraith
   337 | D        | Slain by a wraith

Illustrated notes

Levels and vault maps discovered:
D:        arena_sprint

Skill      XL: |  1  2  3  4  5  6 |
---------------+-------------------+-----
Spellcasting   | 3 7 8 9 |  9.5
Dodging        | 4 5 |  5.4
Stealth        | 3 |  3.6

Action                     |  1- 3 |  4- 6 || total
---------------------------+-------+-------++-------
  Melee: Unarmed           |       |     4 ||     4
   Cast: Foxfire           |    14 |    34 ||    48
         Blink             |       |     1 ||     1
 Armour: Robe              |       |     3 ||     3
  Dodge: Dodged            |     4 |     8 ||    12

Table legend: (Time is in decaauts)
 A = Elapsed time spent in this place.
 B = Non-inter-level travel time spent in this place.
 C = Inter-level travel time spent in this place.
 D = Time resting spent in this place.
 E = Time spent auto-exploring this place.
 F = Levels seen in this place.
 G = Mean time per level.
                   A        B        C        D        E       F      G
               +--------+--------+--------+--------+--------+-----+--------+
         Total |    338 |    252 |     86 |      0 |     21 |   1 |  338.0 |
       Dungeon |    338 |    252 |     86 |      0 |     21 |   1 |  338.0 |
               +--------+--------+--------+--------+--------+-----+--------+

Top non-repeatable levels by time:
       D: 338 daAuts
